 Dungeon Crawl Stone Soup version 0.32-a0-599-gba8f9cf90e (webtiles) character file.

Game seed: 18049819601193909696

3432 cforsyth the Purveyor of Pain (level 9, -1/85 HPs)
             Began as a Mountain Dwarf Necromancer on Mar 3, 2024.
             Was an Initiate of Kikubaaqudgha.
             Slain by a bullfrog (2 damage)
             ... in a bailey.
             The game lasted 00:15:33 (7234 turns).

cforsyth the Purveyor of Pain (MDNe)                Turns: 7234, Time: 00:15:34

Health: -1/85      AC: 14    Str:  9 (12) XL:     9   Next: 77%
Magic:  11/11      EV:  4    Int: 21 (22) God:    Kikubaaqudgha [......]
Gold:   269        SH:  0    Dex:  8 (10) Spells: 6/11 levels left

rFire   . . .        u - +10 trident "Izyt" {holy, rElec rN++ Int+3}
rCold   . . .        (no shield)
rNeg    + + .        c - +0 chain mail
rPois   .            p - +1 hat
rElec   +            a - +1 cloak
rCorr   .            (no gloves)
SInv    +            x - +0 pair of boots
Will    .....        (no amulet) Stlth
                     v - ring of see invisible
HPRegen 0.34/turn    (no ring)
MPRegen 0.12/turn

%: no passive effects
@: hasted, very quick
A: runic magic, artefact enchanting, iridescent scales 1
a: Renounce Religion


You were in a bailey.
You worshipped Kikubaaqudgha.
Kikubaaqudgha was noncommittal.
You visited 2 branches of the dungeon, and saw 8 of its levels.
You also visited: Bailey.

You collected 269 gold pieces.


Innate Abilities, Weirdness & Mutations

Your spellcasting is much less encumbered by armour.
You can use scrolls of enchantment on lesser artefacts.
You are partially covered in iridescent scales. (AC +2)


   Skills:
 + Level 9.9 Fighting
 - Level 5.0 Maces & Flails
 - Level 1.3 Dodging
 - Level 1.4 Stealth
 - Level 1.7 Spellcasting
 - Level 3.0 Hexes
 + Level 10.8 Necromancy


You had 6 spell levels left.
You knew the following spells:

 Your Spells              Type           Power      Damage    Failure   Level
a - Animate Dead          Necr           47%        N/A       4%          4
X - Necrotise             Necr           100%       1d9       1%          1

Your spell library contained the following spells:

 Spells                   Type           Power      Damage    Failure   Level
 Sublimation of Blood     Necr           47%        N/A       1%          2
 Fugue of the Fallen      Necr           47%        N/A       1%          3
 Vampiric Draining        Necr           47%        2d9       1%          3
 Curse of Agony           Necr           47%        N/A       14%         5
 Anguish                  Hex/Necr       15%        N/A       26%         4
 Ensorcelled Hibernation  Hex/Ice        16%        N/A       34%         2
 Call Imp                 Summ           2%         N/A       54%         2
 Summon Hydra             Summ           0%         N/A       100%        7

Inventory:

Hand Weapons
 f - a +3 dagger of venom
 o - the +9 hammer of the Warrior {holy, rC- rN+ Int+2}
   (You found it on level 4 of the Dungeon)

   Int+2:     It affects your intelligence (+2).
   rC-:       It makes you vulnerable to cold.
   rN+:       It protects you from negative energy.
 u - the +10 trident "Izyt" (weapon) {holy, rElec rN++ Int+3}
   (You found it on level 5 of the Dungeon)

   Int+3:     It affects your intelligence (+3).
   rElec:     It insulates you from electricity.
   rN++:      It greatly protects you from negative energy.
Armour
 a - a +1 cloak (worn)
 c - a +0 chain mail (worn)
 p - a +1 hat (worn)
 x - a +0 pair of boots (worn)
Magical Staves
 t - a staff of air {!a}
Jewellery
 v - a ring of see invisible (left hand)
 S - a +6 ring of strength
Scrolls
 m - 2 scrolls of enchant weapon
Potions
 b - 2 potions of magic
 n - a potion of brilliance
 r - a potion of curing {@q1}
 z - a potion of enlightenment

Dungeon Overview and Level Annotations

Branches:
Dungeon (7/15)             Temple (1/1) D:6          Bailey (1/1)

Altars:
Cheibriados
Dithmenos
Fedhas
Hepliaklqana
Kikubaaqudgha
Makhleb
Nemelex Xobeh
Okawaru
Qazlal
Ru
Sif Muna
Trog
Vehumet
Xom
Yredelemnul
Zin
The Shining One

Shops:
D:1 *[![

Annotations:
D:2 Terence

▒≈.~▒▒ ▒≈.~~▒▒ ▒▒≈.~~~
▒▒▒ ▒▒▒≈~..~▒
▒≈≈▒▒▒▒≈≈~...▒
▒~~≈≈≈≈~~~...▒
'..~~~~~~..~.+
▒......Fg....▒
▒≈≈≈~.F@Fp~..▒▒
▒▒▒▒▒▒▒≈~FFF..~.~▒▒ ▒▒▒▒
......▒▒≈~~p~~~~~~≈▒
...▒▒Z.....▒≈~~~~~~~~~≈▒▒
.∩.))....▒ ▒▒≈≈~~~~~≈≈▒▒
...†▒▒▒▒▒ ▒▒▒≈≈≈≈≈▒▒▒
.∩.†))pp▒▒ ▒▒▒▒▒▒▒
...▒▒~pp~▒ ▒▒▒▒~~~~~+


You could see 2 humans, 6 bullfrogs and a gnoll.


Message History

Unknown command.
You puncture the bullfrog!
You kill the bullfrog!
Kikubaaqudgha accepts your kill.
The bullfrog hits you but does no damage.
The bullfrog barely misses you.
The bullfrog hits you but does no damage.
The bullfrog snags a nearby mosquito with its tongue.
The bullfrog hits you but does no damage.
The bullfrog snags a nearby mosquito with its tongue.
The bullfrog hits you but does no damage.
The bullfrog hits you.
* * * LOW HITPOINT WARNING * * *
The bullfrog hits you but does no damage. x2
Unknown command.
You barely miss the bullfrog.
The bullfrog hits you but does no damage.
The gnoll hits you but does no damage.
The bullfrog hits you but does no damage. x2
The bullfrog hits you.
* * * LOW HITPOINT WARNING * * *
The bullfrog hits you but does no damage. x2
Unknown command.
Unknown command.
You closely miss the bullfrog. The bullfrog hits you!
* * * LOW HITPOINT WARNING * * *
The bullfrog hits you but does no damage.
The bullfrog hits you.
You die...
Kikubaaqudgha rasps: You have failed me!
Welcome... death!

Skill      XL: |  1  2  3  4  5  6  7  8  9 |
---------------+----------------------------+-----
Fighting       | 1 2 3 4 5 8 9 |  9.9
Necromancy     | 5 6 7 9 10 | 10.8
Hexes          | 1 3 |  3.0
Maces & Flails | 3 4 5 |  5.0
Dodging        | |  1.3
Stealth        | |  1.4
Spellcasting   | |  1.7

Action                     |  1- 3 |  4- 6 |  7- 9 || total
---------------------------+-------+-------+-------++-------
  Melee: Unarmed           |    12 |       |       ||    12
         Punch             |     1 |       |       ||     1
         Dagger            |    19 |    15 |       ||    34
         Mace              |       |    20 |   101 ||   121
         Trident           |       |       |   141 ||   141
   Cast: Necrotise         |    37 |    77 |    11 ||   125
         Animate Dead      |       |       |     4 ||     4
  Evoke: Wand              |       |     1 |     6 ||     7
    Use: Potion            |     2 |       |     7 ||     9
         Scroll            |       |       |    11 ||    11
   Stab: Distracted        |     1 |       |     1 ||     2
 Armour: Robe              |    10 |       |       ||    10
         Chain mail        |    39 |    59 |   283 ||   381
  Dodge: Dodged            |    18 |    17 |    82 ||   117

Levels and vault maps discovered:
D:1:      lemuel_arrival_muddy, layout_rooms, serial_shops, shop, shop, shop,
          shop, minmay_distorted
D:2:      layout_rooms, basic_altar, shapermc_ecumenical_altar_mp_highgroup,
          minmay_pentomino_pile, uniq_terence, uniq_natasha
D:3:      layout_rooms, uniq_ijyb
D:4:      layout_basic, hellmonk_no_cap, uniq_menkaure, uniq_pikel,
          uniq_crazy_yiuf_cottage
D:5:      layout_loops_cross
D:6:      layout_layer_cave, minmay_temple_entry_statues_fountains,
          uniq_sigmund, uniq_prince_ribbit1
D:7:      nzn_winding_woodlands_stair_cross
          [nzn_winding_woodlands_5x15_concentric,
          nzn_winding_woodlands_center_diamonds,
          nzn_winding_woodlands_5x15_river_crossing,
          nzn_winding_woodlands_5x5_default,
          nzn_winding_woodlands_5x5_perimeter, nzn_winding_woodlands_5x15_pool,
          nzn_winding_woodlands_center_lodge,
          nzn_winding_woodlands_5x15_sawtooth], layout_layer_cave, serial_shops,
          shop_statue, enter_bailey_2
Temple:   hellmonk_temple_divided_pantheon
Bailey:   bailey_axe_froggy_fort_hellmonk, bailey

Notes
Turn   | Place    | Note
-------+----------+-------------------------------------------
     0 | D:1      | cforsyth the Mountain Dwarf Necromancer began the quest for
                  | the Orb.
     0 | D:1      | Reached XP level 1. HP: 14/14 MP: 3/3
   190 | D:1      | Reached skill level 1 in Fighting
   199 | D:1      | Reached XP level 2. HP: 23/23 MP: 1/4
   248 | D:1      | Found Vunauc's Distillery.
   405 | D:1      | Found Laanet's Assorted Antiques.
   602 | D:1      | Found Maomock's Antique Armour Shoppe.
   711 | D:1      | Found Rohal's Armour Shop.
   776 | D:2      | Noticed Natasha
   783 | D:2      | Killed Natasha
   784 | D:2      | Reached skill level 2 in Fighting
   784 | D:2      | Reached skill level 5 in Necromancy
   784 | D:2      | Reached XP level 3. HP: 27/30 MP: 0/5
   884 | D:2      | Noticed Natasha
   896 | D:2      | Gained mutation: You are vulnerable to heat. (rF-) [potion
                  | of mutation]
   896 | D:2      | Lost mutation: You are vulnerable to heat. (rF-) [potion of
                  | mutation]
   896 | D:2      | Gained mutation: You are partially covered in iridescent
                  | scales. (AC +2) [potion of mutation]
   896 | D:2      | HP: 3/30 [Natasha (1)]
   898 | D:2      | Killed Natasha
   899 | D:2      | Reached XP level 4. HP: 5/37 MP: 1/6
  1022 | D:2      | Found a hazy altar of Hepliaklqana.
  1226 | D:2      | Reached skill level 3 in Fighting
  1574 | D:2      | Found a faded altar of an unknown god.
  1684 | D:2      | Noticed Natasha
  1690 | D:2      | Killed Natasha
  1691 | D:2      | Noticed Terence
  1933 | D:3      | Noticed Ijyb
  1944 | D:3      | Killed Ijyb
  1945 | D:3      | Reached XP level 5. HP: 45/46 MP: 0/7
  1954 | D:3      | Learned a level 4 spell: Animate Dead
  2133 | D:3      | Reached skill level 6 in Necromancy
  2631 | D:3      | Noticed an ogre
  2641 | D:3      | HP: 2/46 [ogre/+0 giant club (12)]
  2642 | D:3      | Killed an ogre
  2643 | D:3      | Reached skill level 4 in Fighting
  2643 | D:3      | Reached skill level 1 in Hexes
  2643 | D:3      | Reached XP level 6. HP: 3/52 MP: 1/8
  3016 | D:4      | Identified the +9 hammer of the Warrior {holy, rC- rN+
                  | Int+2}
  3022 | D:4      | Found a runed translucent door.
  3023 | D:4      | Noticed Crazy Yiuf
  3336 | D:4      | Killed Crazy Yiuf
  3551 | D:4      | Noticed Pikel
  3627 | D:4      | Killed Pikel
  3628 | D:4      | Reached skill level 5 in Fighting
  3628 | D:4      | Reached skill level 3 in Maces & Flails
  3628 | D:4      | Reached skill level 3 in Hexes
  3628 | D:4      | Reached skill level 7 in Necromancy
  3628 | D:4      | Reached XP level 7. HP: 58/61 MP: 9/9
  3833 | D:4      | Noticed Menkaure
  3836 | D:4      | Killed Menkaure
  3837 | D:4      | Reached skill level 4 in Maces & Flails
  3837 | D:4      | Reached XP level 8. HP: 66/70 MP: 10/10
  3884 | D:4      | Reached skill level 6 in Fighting
  4331 | D:5      | Entered Level 5 of the Dungeon
  4573 | D:5      | Reached skill level 5 in Maces & Flails
  4581 | D:5      | Reached skill level 8 in Necromancy
  4633 | D:5      | Identified the +10 trident "Izyt" {holy, rElec rN++ Int+3}
  5005 | D:5      | Reached skill level 7 in Fighting
  5654 | D:6      | Reached skill level 9 in Necromancy
  5803 | D:6      | Reached skill level 8 in Fighting
  5803 | D:6      | Reached XP level 9. HP: 80/81 MP: 11/11
  5818 | D:6      | Found a staircase to the Ecumenical Temple.
  5829 | D:6      | Noticed Prince Ribbit
  5830 | D:6      | Noticed Sigmund
  5847 | D:5      | Killed Prince Ribbit
  5951 | D:6      | Killed Sigmund
  5967 | Temple   | Found a transporter.
  5967 | Temple   | Found a transporter.
  5967 | Temple   | Found a transporter.
  5967 | Temple   | Found a transporter.
  5967 | Temple   | Entered the Ecumenical Temple
  5991 | Temple   | Became a worshipper of Kikubaaqudgha
  6935 | D:7      | Reached skill level 9 in Fighting
  6935 | D:7      | Reached skill level 10 in Necromancy
  7128 | D:7      | Found a flagged portal.
  7134 | Bailey   | Entered a bailey
  7233 | Bailey   | HP: 8/85 [bullfrog (4)]
  7234 | Bailey   | HP: 1/85 [bullfrog (7)]
  7234 | Bailey   | Slain by a bullfrog

Vanquished Creatures
  Pikel (D:4)
  Prince Ribbit (D:5)
  Sigmund (D:6)
  3 humans (Bailey)
  Menkaure (D:4)
  2 water moccasins (D:6)
  An orc warrior (Bailey)
  A black bear (D:5)
  2 ice beasts
  2 ogres
  A phantom (D:6)
  A lemure (D:3)
  4 bullfrogs
  3 scorpions
  3 hounds
  A jelly (D:6)
  3 orc priests
  Crazy Yiuf (D:4)
  2 iguanas (D:5)
  3 sleepcaps
  Ijyb (D:3)
  Natasha (thrice) (D:2)
  6 orc wizards
  5 gnolls
  An adder (D:3)
  A shadow imp (D:5)
  2 white imps (D:7)
  A dart slug (D:4)
  A ribbon worm (D:5)
  23 orcs
  10 bats
  3 endoplasms
  3 giant cockroaches
  9 goblins
  4 hobgoblins
  10 jackals
  2 quokkas
  3 ball pythons
  3 frilled lizards (D:1)
  5 kobolds
  7 rats (D:2)
140 creatures vanquished.

Vanquished Creatures (collateral kills)
  A hound (D:5)
  A gnoll bouda (D:5)
  A goblin (D:1)
  2 kobolds
  2 frilled lizards
  A rat (D:3)
8 creatures vanquished.

Vanquished Creatures (others)
  2 human zombies (Bailey)
  A scorpion zombie (D:5)
  An orc zombie (Bailey)
  5 gnoll zombies
  A goblin zombie (Bailey)
10 creatures vanquished.

Grand Total: 158 creatures vanquished

Table legend: (Time is in decaauts)
 A = Elapsed time spent in this place.
 B = Non-inter-level travel time spent in this place.
 C = Inter-level travel time spent in this place.
 D = Time resting spent in this place.
 E = Time spent auto-exploring this place.
 F = Levels seen in this place.
 G = Mean time per level.
                   A        B        C        D        E       F      G
               +--------+--------+--------+--------+--------+-----+--------+
         Total |   7313 |   7202 |    111 |    867 |   4869 |   9 |  812.6 |
       Dungeon |   7036 |   6935 |    101 |    718 |   4867 |   7 | 1005.1 |
        Temple |    170 |    160 |     10 |    117 |      0 |   1 |  170.0 |
        Bailey |    105 |    105 |      0 |     32 |      2 |   1 |  105.0 |
               +--------+--------+--------+--------+--------+-----+--------+

Top non-repeatable levels by time:
     D:3: 1445 daAuts
     D:6: 1271 daAuts
     D:5: 1150 daAuts
     D:4: 1059 daAuts
     D:2: 1042 daAuts
     D:1: 812 daAuts
     D:7: 255 daAuts
  Temple: 170 daAuts
  Bailey: 105 daAuts

Table legend:
 A = Non-vault XP
 B = Vault XP
 C = Vault XP percentage of total XP
 D = Non-vault monster count
 E = Vault monster count
 F = Vault count percentage of total count
                 A         B        C        D         E       F
            +---------+---------+-------+---------+---------+-------
      Total |    2427 |    2476 |  50.5 |     119 |      28 |  19.0
            +---------+---------+-------+---------+---------+-------
        D:1 |      26 |       6 |  18.8 |      16 |       3 |  15.8
        D:2 |      97 |      47 |  32.6 |      18 |       8 |  30.8
        D:3 |     203 |      36 |  15.1 |      17 |       1 |   5.6
        D:4 |     319 |     905 |  73.9 |      26 |       5 |  16.1
        D:5 |     751 |     259 |  25.6 |      25 |       1 |   3.8
        D:6 |     754 |     223 |  22.8 |      12 |       1 |   7.7
        D:7 |     234 |       0 |   0.0 |       4 |       0 |   0.0
     Temple |      43 |       0 |   0.0 |       1 |       0 |   0.0
     Bailey |       0 |    1000 | 100.0 |       0 |       9 | 100.0
            +---------+---------+-------+---------+---------+-------
